 Dungeon Crawl Stone Soup version 0.27.0-1-g7a089689b8 (console) character file.

Game seed: 18064344209877069665

7081 jejorda2 the Basher (level 10, -7/121 HPs)
             Began as a Minotaur Enchanter on Aug 7, 2021.
             Was an Elder of Hepliaklqana.
             Mangled by a skeletal warrior (17 damage)
             ... on level 9 of the Dungeon.
             The game lasted 00:26:25 (10287 turns).

jejorda2 the Basher (Minotaur Enchanter)           Turns: 10287, Time: 00:26:26

Health: -7/121     AC: 20    Str: 17    XL:     10   Next: 84%
Magic:  12/12      EV:  6    Int: 15    God:    Hepliaklqana [****..]
Gold:   645        SH:  0    Dex: 10    Spells: 10/11 levels left

rFire    + + +     SeeInvis .   a - +1 morningstar
rCold    . . .     Faith    .   (no shield)
rNeg     + . .     Spirit   .   G - +0 plate armour
rPois    +         Reflect  .   o - +2 hat
rElec    .         Harm     .   r - +2 cloak
rCorr    +         Rampage  .   j - +0 pair of gloves
Will     .....                  (no boots)
Stlth    ..........             (no amulet)
HPRegen  0.30/turn              F - ring of Avver {Drain rPois rF+++ rN+ Int+3}
MPRegen  0.13/turn              m - ring of resist corrosion

@: berserking (expiring), very quick
A: reduced essence, horns 2, retaliatory headbutt
a: Renounce Religion, Recall Ancestor, Ancestor Identity, Transference, Idealise


You were on level 9 of the Dungeon.
You worshipped Hepliaklqana.
Hepliaklqana was greatly pleased with you.
You visited 1 branch of the dungeon, and saw 9 of its levels.

You collected 645 gold pieces.

Inventory:

Hand Weapons
 a - a +1 morningstar (weapon)
Missiles
 c - 4 boomerangs
 l - 209 stones
 n - a throwing net
 s - 3 boomerangs of dispersal
 x - 30 poisoned darts (quivered)
Armour
 j - a +0 pair of gloves (worn)
 o - a +2 hat (worn)
 r - a +2 cloak (worn)
 G - a +0 plate armour (worn)
Jewellery
 m - a ring of resist corrosion (right hand)
 F - the ring of Avver (left hand) {Drain rPois rF+++ rN+ Int+3}
   (You found it on level 8 of the Dungeon)

   [ring of positive energy]

   Int:       It affects your intelligence (+3).
   rF:        It renders you almost immune to fire.
   rPois:     It protects you from poison.
   rN:        It protects you from negative energy.
   Drain:     It drains your maximum health when unequipped.
Wands
 b - a wand of polymorph (17)
 q - a wand of flame (70)
 t - a wand of mindburst (19)
 v - a wand of digging (9)
 D - a wand of charming (9)
Scrolls
 h - a scroll of enchant weapon
 i - 2 scrolls of magic mapping
 k - 5 scrolls of enchant armour
 p - 2 scrolls of blinking
 y - a scroll of vulnerability
 A - 2 scrolls of teleportation
 C - 3 scrolls of identify
 E - a scroll of holy word
Potions
 d - 5 potions of curing
 e - 2 potions of attraction
 g - 2 potions of brilliance
 u - 2 potions of flight
 w - 2 potions of invisibility
 z - 3 potions of heal wounds {unknown}
 B - a potion of lignification {unknown}


   Skills:
 - Level 8.4 Fighting
 - Level 1.1 Short Blades
 * Level 13.7 Maces & Flails
 - Level 8.4 Armour
 - Level 2.8 Dodging
 - Level 2.4 Stealth
 - Level 1.3 Spellcasting
 - Level 2.0 Hexes
 + Level 5.3 Invocations


You had 10 spell levels left.
You knew the following spells:

 Your Spells              Type           Power      Damage    Failure   Level
a - Corona                Hex            7%         N/A       97%         1

Your spell library contained the following spells:

 Spells                   Type           Power      Damage    Failure   Level
 Beastly Appendage        Tmut           2%         N/A       100%        1
 Ensorcelled Hibernation  Hex/Ice        8%         N/A       100%        2
 Wereblood                Tmut           1%         N/A       100%        2
 Confusing Touch          Hex            7%         N/A       100%        3
 Conjure Flame            Conj/Fire      1%         6-21      100%        3
 Dazzling Flash           Conj/Hex       8%         N/A       100%        3
 Frozen Ramparts          Ice            2%         1d2       100%        3
 Gell's Gravitas          Tloc           0%         N/A       100%        3
 Ignite Poison            Fire/Tmut/Pois 1%         N/A       100%        3
 Lesser Beckoning         Tloc           0%         N/A       100%        3
 Ozocubu's Armour         Ice            1%         N/A       100%        3
 Spider Form              Tmut/Pois      0%         N/A       100%        3
 Teleport Other           Tloc           1%         N/A       100%        3
 Tukima's Dance           Hex            7%         N/A       100%        3
 Ice Form                 Ice/Tmut       1%         N/A       100%        4
 Sticky Flame             Conj/Fire      1%         2d3       100%        4
 Summon Ice Beast         Ice/Summ       1%         N/A       100%        4
 Metabolic Englaciation   Hex/Ice        2%         N/A       100%        5
 Simulacrum               Ice/Necr       0%         N/A       100%        6
 Malign Gateway           Summ/Tloc      0%         N/A       100%        7
 Summon Horrible Things   Summ           0%         N/A       100%        8


Dungeon Overview and Level Annotations

Branches:
Dungeon (9/15)             Temple (0/1) D:4
   Lair: D:8-11         Orc: D:9-12

Altars:
Cheibriados
Elyvilon
Hepliaklqana
Makhleb
Vehumet
Xom

Annotations:
D:8 1 runed translucent door, SkeletonJelly's ghost, novice TrMo
D:9 exclusion: orange crystal statue


Innate Abilities, Weirdness & Mutations

Your life essence is reduced to manifest your ancestor. (-10% HP)
You have a pair of horns on your head.
You reflexively headbutt those who attack you in melee.


Message History

The skeletal warrior hits you with a +0 broad axe!
* * * LOW HITPOINT WARNING * * *
You barely miss the skeletal warrior.
You headbutt the skeletal warrior, but do no damage.
The skeletal warrior is heavily damaged.
The hornet stings Cuahtemoc!
Cuahtemoc is destroyed!
Unknown command.
The hornet buzzes angrily.
You hit the skeletal warrior.
Your headbutt misses the skeletal warrior.
The skeletal warrior is heavily damaged.
You feel sick.
You are no longer poisoned.
The skeletal warrior hits you with a +0 broad axe!!
* * * LOW HITPOINT WARNING * * *
You hit the skeletal warrior but do no damage.
The skeletal warrior is heavily damaged.
You thump the hornet!
You kill the hornet!
The skeletal warrior closely misses you.
Your plate armour prevents you from hitting the skeletal warrior.
Your headbutt misses the skeletal warrior.
The skeletal warrior is heavily damaged.
You hit the skeletal warrior.
The skeletal warrior is heavily damaged.
The skeletal warrior completely misses you.
You barely miss the skeletal warrior.
The skeletal warrior is heavily damaged.
You puncture the skeletal warrior!
The skeletal warrior is almost destroyed.
The skeletal warrior hits you with a +0 broad axe.
* * * LOW HITPOINT WARNING * * *
You closely miss the skeletal warrior.
The skeletal warrior is almost destroyed.
You closely miss the skeletal warrior.
You headbutt the skeletal warrior, but do no damage.
The skeletal warrior is almost destroyed.
The skeletal warrior hits you with a +0 broad axe!
You die...

.#...####....#
#.#.[.....#
...###.......#
#.#.......# .###
.###....#
..#.......# ##
###..#####......#
.####....#.....
#..####..#..#
#..####...#
#.)###..# #z@...#
#yJ###..# #..###
...# #..# #..
##.# .###...# .#
###.....# .#
####...##.# .#
###....#....#
###....###......


You could see a skeletal warrior, a slime creature and a killer bee.

Vanquished Creatures
  A deep elf pyromancer (D:9)
  Maggie (D:7)
  2 hornets (D:9)
  A wyvern (D:9)
  6 yaks (D:8)
  Eustachio (D:5)
  A steam dragon (D:9)
  Edmund (D:5)
  2 water moccasins
  2 orc warriors
  3 ice beasts (D:6)
  A black bear (D:5)
  3 centaurs
  A kobold brigand (D:8)
  2 bullfrogs
  A wyvern zombie (D:8)
  13 wights
  4 howler monkeys
  3 centaur zombies (D:9)
  2 bullfrog zombies
  A hound (D:5)
  A jelly (D:5)
  4 orc priests
  A gnoll shaman (D:3)
  Natasha (twice) (D:4)
  A hexer (D:9)
  5 orc wizards
  2 iguanas (D:7)
  A killer bee zombie (D:7)
  A howler monkey skeleton (D:4)
  Robin (D:4)
  9 gnolls
  6 adders
  An ufetubus (D:4)
  2 worms
  4 dart slugs
  22 orcs
  10 bats
  3 endoplasms
  3 giant cockroaches
  6 goblins
  9 hobgoblins
  5 jackals
  6 kobolds
  4 quokkas
  6 ball pythons
  3 frilled lizards (D:1)
  4 rats
174 creatures vanquished.

Vanquished Creatures (collateral kills)
  A two-headed ogre (D:9)
  Pikel (D:4)
  A hornet zombie (D:6)
  A black bear (D:6)
  A necrophage (D:6)
  An ogre (D:5)
  A centaur (D:9)
  A gnoll sergeant (D:9)
  A centaur zombie (D:5)
  A hound (D:5)
  An orc priest (D:4)
  Natasha (D:4)
  3 orc wizards
  A howler monkey skeleton (D:6)
  2 adders
  A gnoll (D:4)
  A shadow imp (D:6)
  An ufetubus (D:4)
  A worm (D:5)
  7 orcs
  2 giant cockroaches
  5 goblins (D:4)
  2 hobgoblins (D:4)
  2 jackals
  A quokka (D:2)
  A frilled lizard (D:2)
  A quokka skeleton (D:4)
43 creatures vanquished.

Vanquished Creatures (others)
  2 hexers
  2 withered plants (D:8)
4 creatures vanquished.

Grand Total: 221 creatures vanquished

Notes
Turn   | Place    | Note
-------+----------+-------------------------------------------
     0 | D:1      | jejorda2 the Minotaur Enchanter began the quest for the
                  | Orb.
     0 | D:1      | Reached XP level 1. HP: 14/14 MP: 1/1
   164 | D:1      | Reached skill level 1 in Fighting
   164 | D:1      | Reached skill level 1 in Armour
   427 | D:1      | Reached XP level 2. HP: 23/23 MP: 3/3
   872 | D:1      | Found a faded altar of an unknown god.
   879 | D:1      | Became a worshipper of Hepliaklqana the Forgotten
   879 | D:1      | Reached * piety under Hepliaklqana
  1301 | D:1      | Reached XP level 3. HP: 24/26 MP: 4/4
  1678 | D:2      | You fall into a shaft and drop 1 floor!
  1957 | D:2      | Reached XP level 4. HP: 31/34 MP: 5/5
  2178 | D:2      | Reached ** piety under Hepliaklqana
  2179 | D:2      | Remembered your ancestor Cuahtemoc as a hexer
  2833 | D:4      | Noticed Natasha
  2840 | D:4      | Killed Natasha
  2841 | D:4      | Reached skill level 1 in Maces & Flails
  2843 | D:4      | Reached XP level 5. HP: 13/41 MP: 6/6
  3121 | D:4      | Found a staircase to the Ecumenical Temple.
  3158 | D:4      | Reached skill level 2 in Maces & Flails
  3393 | D:4      | Reached skill level 3 in Maces & Flails
  3679 | D:4      | Reached XP level 6. HP: 37/46 MP: 7/7
  3725 | D:4      | Noticed Natasha
  3869 | D:4      | Noticed Pikel
  3909 | D:4      | Killed Natasha
  3919 | D:4      | Reached skill level 4 in Maces & Flails
  4005 | D:4      | Noticed Natasha
  4013 | D:4      | Killed Natasha
  4030 | D:4      | Killed Pikel
  4031 | D:4      | Reached skill level 5 in Fighting
  4031 | D:4      | Reached skill level 6 in Maces & Flails
  4031 | D:4      | Reached skill level 5 in Armour
  4031 | D:4      | Reached XP level 7. HP: 34/55 MP: 8/8
  4034 | D:4      | Noticed Eustachio
  4036 | D:4      | Identified the +2 helmet of Nallitog {rC+ Will+ Regen+
                  | Dex+2}
  4036 | D:4      | Noticed Robin
  4052 | D:5      | Entered Level 5 of the Dungeon
  4273 | D:5      | Killed Eustachio
  4274 | D:5      | Reached skill level 7 in Maces & Flails
  4274 | D:5      | Reached XP level 8. HP: 47/63 MP: 9/9
  4358 | D:4      | Killed Robin
  4866 | D:5      | Found a white marble altar of Elyvilon.
  5060 | D:5      | Reached *** piety under Hepliaklqana
  5066 | D:5      | Noticed Edmund
  5092 | D:5      | Killed Edmund
  5093 | D:5      | Reached skill level 8 in Maces & Flails
  5449 | D:5      | Found a radiant altar of Vehumet.
  6173 | D:6      | Reached skill level 9 in Maces & Flails
  6187 | D:6      | Reached XP level 9. HP: 63/71 MP: 10/10
  7208 | D:7      | Noticed Maggie
  7225 | D:7      | Killed Maggie
  7226 | D:7      | Reached skill level 10 in Maces & Flails
  7797 | D:7      | Reached skill level 11 in Maces & Flails
  7800 | D:7      | Reached **** piety under Hepliaklqana
  8074 | D:8      | Reached skill level 1 in Invocations
  8409 | D:8      | Reached XP level 10. HP: 80/81 MP: 11/11
  8429 | D:8      | Reached skill level 12 in Maces & Flails
  8666 | D:8      | Identified the +2 ring mail of Feasting {Int+4}
  8677 | D:8      | Identified the +8 dagger of Law {freeze, Fragile rCorr
                  | Dex+6}
  8706 | D:8      | Found a runed translucent door.
  8706 | D:8      | Noticed SkeletonJelly's ghost (novice TrMo)
  8711 | D:8      | Identified the ring of Avver {Drain rPois rF+++ rN+ Int+3}
  8993 | D:8      | Found a snail-covered altar of Cheibriados.
  8996 | D:8      | Found a burning altar of Makhleb.
  9527 | D:9      | Noticed a two-headed ogre
  9535 | D:9      | Killed a two-headed ogre
  9801 | D:9      | Found a shimmering altar of Xom.
  9808 | D:9      | Reached skill level 13 in Maces & Flails
  9891 | D:9      | Noticed an orange crystal statue
 10183 | D:9      | Noticed a deep elf pyromancer
 10198 | D:9      | Killed a deep elf pyromancer
 10251 | D:9      | Reached skill level 5 in Invocations
 10258 | D:9      | Noticed a skeletal warrior
 10287 | D:9      | Mangled by a skeletal warrior

Illustrated notes

Levels and vault maps discovered:
D:1:      dpeg_arrival_orchard, layout_basic, dilly_ecumenical_altar_fadedgnrine
D:2:      layout_basic
D:3:      layout_rooms
D:4:      layout_rooms, temple_statues, uniq_robin, uniq_natasha,
          uniq_eustachio, uniq_pikel
D:5:      layout_basic, nicolae_elyvilon_peaceful_grove, amcnicky_altar_gilded,
          uniq_edmund
D:6:      layout_basic
D:7:      layout_loops_ring, kennysheep_generic_room_12, uniq_maggie
D:8:      layout_loops_ring, nicolae_overflow_hidden_temple,
          gammafunk_ghost_grave
D:9:      minmay_the_grid_triangle_9x9_rhombus_thin
          [minmay_the_grid_triangle_9x9_fully_insulated_deathbox,
          minmay_the_grid_triangle_9x9_prize_insulated,
          minmay_the_grid_triangle_9x9_intruding_spiral,
          minmay_the_grid_triangle_9x9_thin_v], layout_rooms,
          mainiacjoe_overflow_six_doors_small, minivault_5, minivault_16

Skill      XL: |  1  2  3  4  5  6  7  8  9 10 |
---------------+-------------------------------+-----
Fighting       | 1 2 3 4 5 6 7 8 |  8.4
Armour         | 1 2 3 4 5 6 7 8 |  8.4
Maces & Flails | 1 3 6 7 9 11 13 | 13.7
Invocations    | 1 5 |  5.3
Short Blades   | |  1.1
Dodging        | |  2.8
Stealth        | |  2.4
Spellcasting   | |  1.3
Hexes          | |  2.0

Action                   |  1- 3 |  4- 6 |  7- 9 | 10-12 || total
-------------------------+-------+-------+-------+-------++-------
Melee: Dagger            |   119 |       |       |       ||   119
       Headbutt          |    12 |    16 |    46 |    29 ||   103
       Falchion          |     8 |    17 |       |       ||    25
       Flail             |       |   101 |    76 |       ||   177
       Morningstar       |       |       |   201 |   139 ||   340
Throw: Stone             |       |       |     2 |       ||     2
       Dart              |       |       |       |     3 ||     3
Invok: Recall Ancestor   |     1 |     1 |     2 |       ||     4
       Ancestor Life: He |       |     1 |       |       ||     1
  Use: Potion            |     1 |     1 |     2 |     1 ||     5
       Scroll            |       |       |    16 |       ||    16
 Stab: Distracted        |       |     1 |     4 |       ||     5
       Confused          |       |       |     7 |     2 ||     9
Armor: Scale mail        |    80 |    38 |       |       ||   118
       Chain mail        |       |    49 |   128 |       ||   177
       Swamp dragon scal |       |       |    49 |    16 ||    65
       Plate armour      |       |       |       |    77 ||    77
Dodge: Dodged            |    77 |    82 |   129 |    48 ||   336
       Rpst.: Falchion   |     2 |     4 |       |       ||     6
